 Dungeon Crawl Stone Soup version 0.26-a0-191-g4694d0f (webtiles) character file.

Game seed: 12417672353954301558

358 HarryHood the Cudgeler (level 6, 0/57 HPs)
             Began as a Minotaur Berserker on July 5, 2020.
             Was a Priest of Trog.
             Succumbed to a killer bee's poison
             ... on level 4 of the Dungeon.
             The game lasted 00:22:42 (3971 turns).

HarryHood the Cudgeler (Minotaur Berserker)         Turns: 3971, Time: 00:22:43

Health: 0/57       AC:  6    Str: 22    XL:     6   Next: 37%
Magic:  5/5        EV: 10    Int:  4    God:    Trog [***...]
Gold:   61         SH:  0    Dex: 11    Spells: 5/5 levels left

rFire    . . .     SeeInvis +   a - +0 mace
rCold    . . .     Faith    .   (no shield)
rNeg     . . .     Spirit   .   l - +0 scale mail
rPois    .         Reflect  .   (helmet restricted)
rElec    .         Harm     .   (no cloak)
rCorr    .                      (no gloves)
MR       .....                  (no boots)
Stlth    ..........             (no amulet)
HPRegen  0.19/turn              c - ring of see invisible
MPRegen  0.09/turn              (no ring)

@: lethally poisoned (0 -> -15)
A: retaliatory headbutt, horns 2
a: Berserk, Trog's Hand, Renounce Religion


You were on level 4 of the Dungeon.
You worshipped Trog.
Trog was most pleased with you.
You were very hungry.

You visited 1 branch of the dungeon, and saw 4 of its levels.

You collected 61 gold pieces.

Inventory:

Hand Weapons
 a - a +0 mace (weapon)
Missiles
 f - 179 stones (quivered)
Armour
 l - a +0 scale mail (worn)
Jewellery
 c - a ring of see invisible (left hand)
 g - an uncursed ring of magical power
Scrolls
 d - a scroll of fog {unknown}
 i - 3 scrolls of teleportation {@r0}
 n - a scroll of magic mapping {@r5}
Potions
 h - a potion of stabbing
 j - a potion of haste {unknown}
 k - a potion of magic {unknown}
 m - a potion of flight {unknown}
Comestibles
 e - 10 rations {@e1}


   Skills:
 - Level 6.0 Fighting
 + Level 7.3 Maces & Flails
 - Level 2.4 Armour
 - Level 2.1 Dodging


You had 5 spell levels left.
You didn't know any spells.
Your spell library was empty.

Dungeon Overview and Level Annotations

Branches:
Dungeon (4/15)             Temple (0/1) D:4

Altars:
Vehumet


Innate Abilities, Weirdness & Mutations

You reflexively headbutt those who attack you in melee.
You have a pair of horns on your head.


Message History

* * * LOW HITPOINT WARNING * * *
You feel sick.
The killer bee stings you but does no damage.
The killer bee closely misses you. You furiously retaliate!
You headbutt the killer bee!
You kill the killer bee!
Trog accepts your kill.
The killer bee stings you but does no damage.
The killer bee barely misses you.
You take 2 damage, and have 9/57 hp.
* * * LOW HITPOINT WARNING * * *
You feel sick.
The killer bee stings you but does no damage.
The killer bee stings you.
* * * LOW HITPOINT WARNING * * *
You see here a killer bee corpse.
You take 8 damage, and have 1/57 hp.
You hit the killer bee but do no damage.
Your headbutt misses the killer bee.
You die...

############## #...... #
........# #...... #
........# #...... #
........#### #...... #
...........# #...... #
#######....# #...... #
#....############+ .<
#######y...#).....#####.
..
.....yy@..>'......'.....
..
#######....#......######
#....#......######
#....+......'..[..
#....#......######
#.)..#......#
###+##......# #......#
#......#


You could see 3 killer bees.

Vanquished Creatures
  An ogre (D:3)
  Blork the orc (D:4)
  A killer bee (D:4)
  An iguana (D:4)
  3 adders
  An ooze (D:2)
  3 worms
  4 dart slugs (D:1)
  3 leopard geckos
  5 orcs (D:3)
  5 giant cockroaches
  8 goblins
  6 hobgoblins
  12 jackals
  9 kobolds
  A quokka (D:3)
  2 ball pythons
  7 bats
  6 frilled lizards
  8 rats
87 creatures vanquished.

Notes
Turn   | Place    | Note
-------+----------+-------------------------------------------
     0 | D:1      | HarryHood the Minotaur Berserker began the quest for the
                  | Orb.
     0 | D:1      | Reached XP level 1. HP: 19/19 MP: 0/0
    97 | D:1      | Reached skill level 4 in Maces & Flails
   107 | D:1      | Reached XP level 2. HP: 6/26 MP: 1/1
   813 | D:1      | Reached skill level 5 in Maces & Flails
   884 | D:1      | Reached XP level 3. HP: 31/31 MP: 2/2
  1142 | D:1      | Reached ** piety under Trog
  1916 | D:2      | Reached skill level 6 in Maces & Flails
  1916 | D:2      | Reached XP level 4. HP: 35/40 MP: 3/3
  2443 | D:2      | Reached skill level 4 in Fighting
  2710 | D:3      | Found a radiant altar of Vehumet.
  2794 | D:3      | Noticed an ogre
  2805 | D:3      | Killed an ogre
  2805 | D:3      | Reached skill level 5 in Fighting
  2805 | D:3      | Reached XP level 5. HP: 50/50 MP: 4/4
  2934 | D:3      | Reached *** piety under Trog
  3122 | D:3      | Reached skill level 6 in Fighting
  3640 | D:4      | Found a staircase to the Ecumenical Temple.
  3713 | D:4      | Noticed Blork the orc
  3719 | D:4      | Killed Blork the orc
  3719 | D:4      | Reached XP level 6. HP: 42/57 MP: 5/5
  3938 | D:4      | Reached skill level 7 in Maces & Flails
  3970 | D:4      | HP: 1/57 [killer bee (6)]
  3971 | D:4      | Succumbed to a killer bee's poison

Illustrated notes

Levels and vault maps discovered:
D:1:      dpeg_arrival_tiny_g, layout_basic, hangedman_decor_points
D:2:      layout_basic, first_ration, corexii_shack
D:3:      layout_basic, overflow_temple_1_default
D:4:      layout_basic, minmay_temple_entry_waves, minmay_crystal_room,
          serial_bayou_pond_d, uniq_menkaure, uniq_blork_the_orc

Skill      XL: |  1  2  3  4  5  6 |
---------------+-------------------+-----
Maces & Flails | 4 5 6 7 |  7.3
Fighting       | 5 6 |  6.0
Armour         | |  2.4
Dodging        | |  2.1

Action                   |  1- 3 |  4- 6 || total
-------------------------+-------+-------++-------
Melee: Mace              |    83 |    98 ||   181
       Headbutt          |    10 |    16 ||    26
Invok: Berserk           |       |     1 ||     1
  Use: Scroll            |     3 |     3 ||     6
  Eat: Chunk             |     3 |     6 ||     9
Armor: Animal skin       |    15 |       ||    15
       Ring mail         |     8 |     1 ||     9
       Scale mail        |       |    27 ||    27
Dodge: Dodged            |    51 |    45 ||    96

Table legend:
 A = Non-vault XP
 B = Vault XP
 C = Vault XP percentage of total XP
 D = Non-vault monster count
 E = Vault monster count
 F = Vault count percentage of total count
                 A         B        C        D         E       F
            +---------+---------+-------+---------+---------+-------
      Total |     420 |      92 |  18.0 |      85 |       2 |   2.3
            +---------+---------+-------+---------+---------+-------
        D:1 |      58 |       0 |   0.0 |      31 |       0 |   0.0
        D:2 |      61 |       1 |   1.6 |      23 |       1 |   4.2
        D:3 |     201 |       0 |   0.0 |      28 |       0 |   0.0
        D:4 |     100 |      91 |  47.6 |       3 |       1 |  25.0
            +---------+---------+-------+---------+---------+-------
